 Dungeon Crawl Stone Soup version 0.32-a0-747-gc8563f6773 (webtiles) character file.

Game seed: 5827460208959680886

863 tilp the Sneak (level 7, -8/51 HPs)
             Began as a Vampire Enchanter on Mar 17, 2024.
             Mangled by an ogre
             ... wielding a +0 giant club
              (32 damage)
             ... on level 5 of the Dungeon.
             The game lasted 00:07:45 (6772 turns).

tilp the Sneak (Vampire Enchanter)                  Turns: 6772, Time: 00:07:45

Health: -8/51      AC:  8    Str:  7    XL:     7   Next: 72%
Magic:  5/11       EV: 11    Int: 19    God:
Gold:   232        SH:  0    Dex: 15    Spells: 3/11 levels left

rFire   + . .        a - +2 dagger
rCold   + . .        (no shield)
rNeg    . . .        t - +1 leather armour {rC+}
rPois   .            s - +2 helmet
rElec   .            (no cloak)
rCorr   .            i - +0 pair of gloves
SInv    +            (no boots)
Will    .....        (no amulet)
Stlth   +++          l - ring of protection from fire
HPRegen 0.48/turn    (no ring)
MPRegen 0.12/turn

%: no passive effects
@: confusing by touch, healing quickly
A: alive, fangs 3, see invisible, vampiric 2
a: Exsanguinate


You were on level 5 of the Dungeon.
You visited 2 branches of the dungeon, and saw 6 of its levels.

You collected 232 gold pieces.

Inventory:

Hand Weapons
 a - a +2 dagger (weapon)
 b - a +2 short sword of venom
Missiles
 f - 3 javelins
 n - 2 boomerangs
 p - 16 poisoned darts (quivered)
 q - 9 atropa-tipped darts
Armour
 i - a +0 pair of gloves (worn)
 s - a +2 helmet (worn)
 t - a +1 leather armour of cold resistance (worn)
Jewellery
 l - a ring of protection from fire (left hand)
Scrolls
 d - 3 scrolls of enchant weapon
 r - a scroll of teleportation
Potions
 c - 4 potions of invisibility
 e - 2 potions of curing
 g - 2 potions of lignification
 h - a potion of berserk rage {unknown}
 j - a potion of resistance {unknown}
 k - a potion of brilliance {unknown}
 m - a potion of magic {unknown}
 o - 2 potions of degeneration
 u - 2 potions of mutation {unknown}
 v - a potion of enlightenment {unknown}


   Skills:
 * Level 2.9 Fighting
 * Level 3.8(4.5) Short Blades
 * Level 3.1(3.9) Long Blades
 + Level 1.8 Armour
 + Level 3.4 Dodging
 + Level 6.0 Stealth
 + Level 1.8 Shields
 + Level 2.6 Spellcasting
 + Level 5.3 Hexes
 + Level 1.7 Evocations


You had 3 spell levels left.
You knew the following spells:

 Your Spells              Type           Power      Damage    Failure   Level
a - Ensorcelled Hibernat  Hex/Ice        24%        N/A       12%         2
b - Confusing Touch       Hex            22%        N/A       8%          3
c - Tukima's Dance        Hex            22%        N/A       8%          3

Your spell library contained the following spells:

 Spells                   Type           Power      Damage    Failure   Level
 Shock                    Conj/Air       8%         1d3       22%         1
 Sting                    Conj/Alch      8%         1d3       22%         1
 Dazzling Flash           Conj/Hex       24%        N/A       22%         3
 Call Imp                 Summ           4%         N/A       34%         2
 Mercury Vapours          Alch/Air       4%         N/A       34%         2
 Sublimation of Blood     Necr           2%         N/A       34%         2
 Mephitic Cloud           Conj/Alch/Air  2%         N/A       56%         3
 Summon Ice Beast         Ice/Summ       2%         N/A       56%         3
 Swiftness                Air            2%         N/A       56%         3
 Volatile Blastmotes      Fire/Tloc      4%         2d10      56%         3
 Summon Mana Viper        Hex/Summ       12%        N/A       91%         5
 Airstrike                Air            1%         2d(1-17)  92%         4
 Fulminant Prism          Conj/Alch      1%         3d5       92%         4
 Iskenderun's Mystic Bla  Conj/Tloc      2%         2d3       92%         4
 Olgreb's Toxic Radiance  Alch           2%         N/A       92%         4
 Freezing Cloud           Conj/Ice/Air   1%         6-21      99%         5
 Monstrous Menagerie      Summ           1%         N/A       100%        7
 Summon Hydra             Summ           1%         N/A       100%        7


Dungeon Overview and Level Annotations

Branches:
Dungeon (5/15)             Temple (1/1) D:5

Altars:
Ashenzari
Cheibriados
Gozag
Hepliaklqana
Kikubaaqudgha
Makhleb
Nemelex Xobeh
Sif Muna
Trog
Uskayaw
Vehumet
Xom
Yredelemnul


Innate Abilities, Weirdness & Mutations

Your natural rate of healing is accelerated.
You have razor-sharp teeth.
You have supernaturally acute eyesight. (SInv)
You are afflicted with vampirism and can become a bat while bloodless.


Message History

Nothing appears to happen.
The ogre shouts!
Casting: Ensorcelled Hibernation (safe; 12% risk of failure)
Confirm with . or Enter, or press ? or * to list all spells.
Aiming: Ensorcelled Hibernation (safe; 12% risk of failure)
Press: ? - help, Shift-Dir - straight line, f/p - ogre
Aim: an ogre, wielding a +0 giant club (chance to affect: 46%)
The ogre looks drowsy...
Unknown command.
The ogre hits you with a +0 giant club.
You hit the ogre.
The ogre is lightly wounded.
Unknown command.
Casting: Ensorcelled Hibernation (safe; 12% risk of failure)
Confirm with . or Enter, or press ? or * to list all spells.
Your hands begin to glow red.
The ogre hits you with a +0 giant club!
Unknown command.
You hit the ogre but do no damage.
The ogre is lightly wounded.
You barely miss the ogre.
The ogre is lightly wounded.
The ogre hits you with a +0 giant club!!
Ouch! That really hurt!
* * * LOW HITPOINT WARNING * * *
Your magical contamination has completely faded away.
You hit the ogre but do no damage.
The ogre is lightly wounded.
The ogre barely misses you.
You hit the ogre but do no damage. You bite the ogre.
The ogre is moderately wounded.
You hit the ogre but do no damage.
The ogre is moderately wounded.
The ogre closely misses you.
You barely miss the ogre.
The ogre is moderately wounded.
Unknown command.
You feel better.
The ogre hits you with a +0 giant club!!
Ouch! That really hurt!
You die...

##.######.#......#
####....
..........######.# ##...
.#.######## #.# #####
##### ..## #.# ##...##
##...# .##
##.###.....###..... .#
#....#.._.......>.. .#
######....#.............
.#
.........###.....⌠.....#
.#
######.@#######.....####
.# #.O)..# ##...##### ##
######.#### #...#....
#........#######.##.##.
#.####.#............##.
#.#######...#####. #.#
#.### #. #.# #.# #. ..#
#.# ####.


You could see an ogre.

Vanquished Creatures
  A kobold brigand (D:5)
  A phantom (D:5)
  2 scorpions (D:5)
  A jelly (D:5)
  3 bombardier beetles
  A hound (D:5)
  3 orc priests (D:4)
  A sleepcap (D:4)
  An iguana (D:2)
  Natasha (thrice) (D:2)
  2 orc wizards (D:4)
  5 gnolls
  3 adders
  3 ribbon worms
  3 dart slugs
  11 orcs
  3 ball pythons
  10 endoplasms
  2 giant cockroaches
  8 goblins
  9 hobgoblins
  15 kobolds
  5 quokkas
  5 bats
  5 frilled lizards
  4 rats
110 creatures vanquished.

Notes
Turn   | Place    | Note
-------+----------+-------------------------------------------
     0 | D:1      | tilp the Vampire Enchanter began the quest for the Orb.
     0 | D:1      | Reached XP level 1. HP: 13/13 MP: 3/3
   171 | D:1      | Reached XP level 2. HP: 20/20 MP: 5/5
   179 | D:1      | Learned a level 2 spell: Ensorcelled Hibernation
   777 | D:2      | Reached skill level 1 in Fighting
   777 | D:2      | Gained mutation: You are afflicted with vampirism and can
                  | become a bat while bloodless. [Vampire growth]
   777 | D:2      | Reached XP level 3. HP: 26/26 MP: 6/6
   853 | D:2      | Noticed Natasha
   860 | D:2      | Killed Natasha
   861 | D:2      | Reached skill level 1 in Long Blades
  1051 | D:2      | Noticed Natasha
  1055 | D:2      | Reached XP level 4. HP: 32/32 MP: 4/7
  1056 | D:2      | Killed Natasha
  1057 | D:2      | Reached skill level 1 in Shields
  1110 | D:2      | Learned a level 3 spell: Confusing Touch
  1306 | D:2      | Noticed Natasha
  1314 | D:2      | Killed Natasha
  1315 | D:2      | Reached skill level 5 in Stealth
  1339 | D:3      | Reached XP level 5. HP: 20/37 MP: 2/8
  1498 | D:2      | Learned a level 3 spell: Tukima's Dance
  2507 | D:3      | Reached skill level 1 in Armour
  2820 | D:3      | Found a snail-covered altar of Cheibriados.
  4234 | D:3      | Found a snail-covered altar of Cheibriados.
  4434 | D:4      | Reached skill level 1 in Evocations
  4538 | D:4      | Reached XP level 6. HP: 28/44 MP: 4/9
  4956 | D:4      | Found a shimmering blue altar of Sif Muna.
  5088 | D:4      | Reached skill level 5 in Hexes
  5615 | D:4      | Reached XP level 7. HP: 39/51 MP: 5/10
  5908 | D:4      | Found a shimmering blue altar of Sif Muna.
  6080 | D:5      | Entered Level 5 of the Dungeon
  6357 | D:5      | Found a faded altar of an unknown god.
  6358 | D:5      | Found a staircase to the Ecumenical Temple.
  6367 | Temple   | Entered the Ecumenical Temple
  6570 | D:5      | Reached skill level 6 in Stealth
  6772 | D:5      | Mangled by an ogre

Illustrated notes

Levels and vault maps discovered:
D:1:      dpeg_arrival_pits, layout_basic, minmay_misc_feat_pillars
D:2:      layout_loops_cross, minmay_divided_ellipse, uniq_natasha
D:3:      layout_basic, chei_slow_surprise, chequers_serial_rivers_room_a,
          kennysheep_boxes
D:4:      layout_basic, mainiacjoe_overflow_alcove_4, nicolae_the_louvre
D:5:      layout_loops_ring, nicolae_temple_entry_ecumenical
Temple:   nicolae_temple_figure_eight

Skill      XL: |  1  2  3  4  5  6  7 |
---------------+----------------------+-----
Fighting       | 1 2 |  2.9
Short Blades   | 2 3 |  3.8
Long Blades    | 1 2 3 |  3.1
Shields        | 1 |  1.8
Stealth        | 5 6 |  6.0
Armour         | 1 |  1.8
Evocations     | 1 |  1.7
Dodging        | 3 |  3.4
Hexes          | 5 |  5.3
Spellcasting   | |  2.6

Action                     |  1- 3 |  4- 6 |  7- 9 || total
---------------------------+-------+-------+-------++-------
  Melee: Dagger            |    58 |   163 |    30 ||   251
         Bite              |     6 |    31 |     2 ||    39
         Short sword       |     5 |    48 |     7 ||    60
   Cast: Ensorcelled Hiber |     6 |    34 |    12 ||    52
         Confusing Touch   |       |     3 |     1 ||     4
    Use: Scroll            |     2 |     4 |     1 ||     7
         Potion            |       |       |     1 ||     1
   Stab: Sleeping          |    12 |    28 |     7 ||    47
         Distracted        |       |     1 |       ||     1
         Confused          |       |     1 |       ||     1
 Armour: Robe              |    41 |    13 |       ||    54
         Leather armour    |       |    95 |    20 ||   115
  Dodge: Dodged            |    34 |   116 |    15 ||   165

Table legend: (Time is in decaauts)
 A = Elapsed time spent in this place.
 B = Non-inter-level travel time spent in this place.
 C = Inter-level travel time spent in this place.
 D = Time resting spent in this place.
 E = Time spent auto-exploring this place.
 F = Levels seen in this place.
 G = Mean time per level.
                   A        B        C        D        E       F      G
               +--------+--------+--------+--------+--------+-----+--------+
         Total |   6714 |   6479 |    235 |    692 |   4674 |   6 | 1119.0 |
       Dungeon |   6712 |   6477 |    235 |    692 |   4674 |   5 | 1342.4 |
        Temple |      1 |      1 |      0 |      0 |      0 |   1 |    1.0 |
               +--------+--------+--------+--------+--------+-----+--------+

Top non-repeatable levels by time:
     D:3: 2416 daAuts
     D:2: 1531 daAuts
     D:4: 1319 daAuts
     D:1: 764 daAuts
     D:5: 680 daAuts
  Temple: 1 daAuts
